 Dungeon Crawl Stone Soup version 0.26.1-2-gb8aa6d0cf2 (webtiles) character file.

Game seed: 9396921887517831629

50 Chiseanne the Skirmisher (level 3, -3/28 HPs)
             Began as a Demonspawn Wanderer on Mar 3, 2021.
             Slain by a gnoll
             ... wielding a +1 flail of holy wrath
              (9 damage)
             ... on level 1 of the Dungeon.
             The game lasted 00:03:18 (894 turns).

Chiseanne the Skirmisher (Demonspawn Wanderer)       Turns: 894, Time: 00:03:18

Health: -3/28      AC:  5    Str: 12    XL:     3   Next: 55%
Magic:  3/3        EV: 11    Int: 14    God:
Gold:   40         SH:  0    Dex: 12    Spells: 2/2 levels left

rFire    . . .     SeeInvis .   a - +2 short sword
rCold    . . .     Faith    .   (no shield)
rNeg     . . .     Spirit   .   b - +0 ring mail
rPois    .         Reflect  .   (helmet restricted)
rElec    .         Harm     .   (no cloak)
rCorr    .         Rampage  .   (no gloves)
Will     .....                  (no boots)
Stlth    +.........             (no amulet)
HPRegen  0.09/turn              (no ring)
MPRegen  0.08/turn              (no ring)

@: no status effects
A: horns 1, powered by death 1
a: no special abilities


You were on level 1 of the Dungeon.
You visited 1 branch of the dungeon, and saw 2 of its levels.

You collected 40 gold pieces.

Inventory:

Hand Weapons
 a - a +2 short sword (weapon)
Missiles
 d - 22 stones (quivered)
 f - 10 poisoned darts
 g - 14 arrows
Armour
 b - a +0 ring mail (worn)
Scrolls
 c - 2 scrolls of teleportation
 e - 2 scrolls of identify {unknown}
 h - a scroll of amnesia {unknown}
 k - a scroll of immolation {unknown}
Potions
 i - a potion of brilliance {unknown}


   Skills:
 * Level 2.8 Fighting
 - Level 1.0 Short Blades
 - Level 1.0 Maces & Flails
 * Level 2.5 Armour
 * Level 2.5 Dodging
 - Level 1.0 Stealth
 - Level 1.0 Evocations


You had 2 spell levels left.
You didn't know any spells.
Your spell library was empty.

Dungeon Overview and Level Annotations

Branches:
Dungeon (2/15)

Altars:
Yredelemnul


Innate Abilities, Weirdness & Mutations

You have a pair of small horns on your head.
You regenerate a little health from kills.


Message History

The goblin is moderately wounded.
The goblin barely misses you.
You hit the goblin.
You kill the goblin!
There is a stone staircase leading down here.
You climb downwards.
There is a stone staircase leading up here.
The gnoll hits you with a +1 flail of holy wrath.
You convulse.
You climb upwards.
There is a stone staircase leading down here.
You hit the gnoll.
The gnoll is lightly wounded.
The gnoll closely misses you.
You hit the gnoll.
The gnoll is lightly wounded.
The gnoll hits you with a +1 flail of holy wrath!
* * * LOW HITPOINT WARNING * * *
You convulse!
You die...

#......# #.....##
#.# #.#.##.# #.##.##
#.#
#.#.##.#####.##.#
#.#
#.#...........#.#
#.#
#.####.#####....##
#######.# # #.# #.#
#......#####.......#
# #.####.#
#............#######
# #...)..#
#....g.####### #
######## ##...@## #
###### # # # #


You could see a gnoll.

Vanquished Creatures
  A gnoll (D:2)
  An adder (D:2)
  A worm (D:2)
  2 dart slugs
  A giant cockroach (D:1)
  5 goblins
  3 hobgoblins
  5 bats
  A frilled lizard (D:1)
  2 kobolds
  2 rats (D:1)
24 creatures vanquished.

Notes
Turn   | Place    | Note
-------+----------+-------------------------------------------
     0 | D:1      | Chiseanne the Demonspawn Wanderer began the quest for the
                  | Orb.
     0 | D:1      | Chiseanne set off with the following items: a +2 short
                  | sword, a +0 ring mail, a scroll of teleportation
     0 | D:1      | Reached XP level 1. HP: 16/16 MP: 1/1
   197 | D:1      | Gained mutation: You regenerate a little health from kills.
                  | [demonic ancestry]
   197 | D:1      | Reached XP level 2. HP: 21/22 MP: 2/2
   397 | D:1      | You fall into a shaft and drop 1 floor!
   537 | D:2      | Gained mutation: You have a pair of small horns on your
                  | head. [demonic ancestry]
   537 | D:2      | Reached XP level 3. HP: 27/28 MP: 3/3
   720 | D:2      | Found a basalt altar of Yredelemnul.
   757 | D:2      | HP: 1/28 [gnoll/+0 flail (4)]
   894 | D:1      | Slain by a gnoll

Illustrated notes

Levels and vault maps discovered:
D:1:      dpeg_arrival_stone_temple_mockup, layout_loops_corners,
          amcnicky_mini_pool_small, moated_statue
D:2:      layout_rooms, minivault_14, yredelemnul_altar_generic

Skill      XL: |  1 |
---------------+----+-----
Dodging        | 2 |  2.5
Armour         | 2 |  2.5
Fighting       | |  2.8
Short Blades   | |  1.0
Maces & Flails | |  1.0
Stealth        | |  1.0
Evocations     | |  1.0

Action                   || total
-------------------------++-------
Melee: Short sword       ||    78
  Use: Potion            ||     1
Armor: Ring mail         ||    29
Dodge: Dodged            ||    46
